 Dungeon Crawl Stone Soup version 0.29-a0-322-g68df515428 (webtiles) character file.

Game seed: 8068616956728121761

1810 kae the Gusty (level 9, -8/86 (88) HPs)
             Began as an Ogre Air Elementalist on Apr 9, 2022.
             Was an Initiate of Gozag.
             Mangled by an ogre
             ... wielding a +0 giant spiked club
              (11 damage)
             ... on level 6 of the Dungeon.
             The game lasted 00:12:04 (10225 turns).

kae the Gusty (Ogre Air Elementalist)              Turns: 10225, Time: 00:12:04

HP:   -8/86 (88)    AC:  4    Str: 14    XL:     9   Next: 10%
MP:   16/16         EV: 14    Int: 20    God:    Gozag
Gold: 301           SH:  5    Dex:  9    Spells: 8/18 levels left

rFire   + + .      SeeInvis .   j - staff of fire
rCold   x . .      Faith    .   (no shield)
rNeg    . . .      Spirit   .   a - +1 robe
rPois   .          Reflect  +   (helmet restricted)
rElec   +          Harm     .   w - scarf {+Inv}
rCorr   .          Rampage  .   (gloves unavailable)
Will    .....                   (boots unavailable)
Stlth   +.........              q - amulet of reflection
HPRegen 0.24/turn               d - +4 ring of evasion
MPRegen 0.15/turn               p - ring of Moodiness {Fire rElec}

@: mighty, gold aura, lightly drained
A: large, unfitting armour, tough skin 1
a: Renounce Religion, Evoke Invisibility, Potion Petition, Call Merchant, Bribe
Branch


You were on level 6 of the Dungeon.
You worshipped Gozag.
Gozag was aware of your devotion.
You visited 2 branches of the dungeon, and saw 7 of its levels.
You also visited: Ossuary.

You collected 383 gold pieces.
You paid 82 gold pieces to Gozag.

Inventory:

Armour
 a - a +1 robe (worn)
 w - a scarf of invisibility (worn)
Magical Staves
 j - a staff of fire (weapon)
Jewellery
 d - a +4 ring of evasion (left hand)
 h - a ring of positive energy
 p - the ring of Moodiness (right hand) {Fire rElec}
   (You found it on level 3 of the Dungeon)

   [ring of fire]

   It enhances your fire magic.
   rF:        It protects you from fire.
   rC:        It makes you vulnerable to cold.
   rElec:     It insulates you from electricity.
 q - an amulet of reflection (around neck)
 u - a +4 ring of protection
Scrolls
 i - a scroll of magic mapping
 s - a scroll of fog
 t - a scroll of amnesia
Potions
 b - a potion of magic
 c - a potion of lignification
 k - 2 potions of curing
 l - a potion of invisibility
 m - 2 potions of flight {unknown}
 n - a potion of mutation {unknown}
 o - 3 potions of brilliance {unknown}
 v - a potion of berserk rage {unknown}


   Skills:
 + Level 5.4 Fighting
 + Level 4.3 Dodging
 - Level 1.4 Stealth
 + Level 5.2 Spellcasting
 + Level 3.9 Conjurations
 * Level 6.2 Air Magic
 + Level 3.3 Evocations


You had 8 spell levels left.
You knew the following spells:

 Your Spells              Type           Power      Damage    Failure   Level
a - Shock                 Conj/Air       100%       1d9       1%          1
b - Static Discharge      Conj/Air       25%        N/A       2%          2
c - Airstrike             Air            15%        N/A       9%          4
d - Swiftness             Air            30%        N/A       2%          3

Your spell library contained the following spells:

 Spells                   Type           Power      Damage    Failure   Level
 Magic Dart               Conj           80%        1d7       2%          1
 Mephitic Cloud           Conj/Pois/Air  18%        N/A       9%          3
 Call Imp                 Summ           5%         N/A       17%         2
 Gell's Gravitas          Tloc           5%         N/A       34%         3
 Lesser Beckoning         Tloc           5%         N/A       34%         3
 Summon Guardian Golem    Hex/Summ       5%         N/A       34%         3
 Teleport Other           Tloc           5%         N/A       34%         3
 Orb of Destruction       Conj           10%        9d6       100%        7
 Spellforged Servitor     Conj/Summ      6%         N/A       100%        7


Dungeon Overview and Level Annotations

Branches:
Dungeon (6/15)             Temple (1/1) D:5         Ossuary (visited)

Altars:
Ashenzari
Cheibriados
Dithmenos
Elyvilon
Fedhas
Gozag
Hepliaklqana
Makhleb
Nemelex Xobeh
Okawaru
Qazlal
Ru
Sif Muna
Trog
Uskayaw
Vehumet
Wu Jian
Xom
Yredelemnul
Zin
The Shining One

Shops:
D:3 =


Innate Abilities, Weirdness & Mutations

You are too large for most types of armour.
You have tough skin. (AC +1)


Message History

The walls and floor vibrate strangely for a moment.
There are monsters nearby!
You aren't carrying any items that you can evoke.
Unknown command.
You aren't carrying any items that you can evoke.
Unknown command.
A black bear comes into view.
A white imp comes into view.
The jelly jiggles.
Okay, then.
Okay, then.
You feel very mighty all of a sudden.
The white imp shouts, "Go and return not, thou simpering dread-bolted bootlicker!"
The jelly hits you.
You are splashed with acid!
You hit the jelly!
Your hands burn!
The jelly is heavily wounded.
The white imp gestures at you. The puff of frost hits you.
You feel a terrible chill! The jelly hits you but does no damage.
You hit the jelly!
You kill the jelly!
The ogre closely misses you. The wight barely misses you.
The wight hits you with a +2 mace!
* * * LOW HITPOINT WARNING * * *
The black bear growls angrily.
You hit the ogre.
The ogre is lightly wounded.
The ogre closely misses you.
The white imp laughs crazily.
The wight hits you with a +2 mace!
* * * LOW HITPOINT WARNING * * *
You feel drained.
* * * LOW HITPOINT WARNING * * *
You barely miss the ogre.
The ogre is lightly wounded.
The wight hits you with a +2 mace!
* * * LOW HITPOINT WARNING * * *
The ogre hits you with a +0 giant spiked club!
You die...
Your body crumbles into a pile of gold.

**,,,,,,,,,*********,,,,,,,***$,
*>,,,,,,,,,,,,,,,,,,,,,,,,,,,,,,
*,,,,,,,,,,*********,********,,,
*,,,,,,,,,,+,,,,,,,,,,,,,,,,,,,,
*,,,,,,,,,,*******************,,
*,***############# *,* *,*
*............######*** *,* *,*
*........##O.......,,* *,, *,*
*........##@.......,,* ***+
******#######O##$z......,,* *,,,
≈,≈≈** #.##h.5.....,,* *,,,
****≈*#######h#.........,,****,,,
≈≈≈*≈*'.................,,,,.#,,,
**,*≈*#######z.##...###.,,**..,**
∩*≈*,*........##*.#.#,*,#,**#..#
**≈*≈*#######.###...#.*,,.###..*
≈≈**,* #z....###...**#.....*


You could see a black bear, an ogre, a wight and a white imp.

Vanquished Creatures
  Prince Ribbit (D:5)
  A wraith (D:5)
  A water moccasin (D:6)
  Duvessa (D:4)
  An ice beast (D:5)
  A black bear (D:4)
  An ogre (D:3)
  A bullfrog (D:6)
  A scorpion (D:6)
  2 wights (D:6)
  Dowan (D:5)
  2 howler monkeys
  3 jellies
  2 orc priests
  3 hounds
  A gnoll shaman (D:6)
  2 iguanas
  An orc wizard (D:3)
  2 mummies
  4 gnolls (D:6)
  9 adders
  3 ufetubi
  2 dart slugs
  16 orcs
  4 spectral bats (Ossuary)
  8 ball pythons
  2 bats (D:2)
  5 endoplasms
  A giant cockroach (D:2)
  11 goblins
  4 hobgoblins
  3 quokkas (D:2)
  5 bat simulacra (Ossuary)
  2 frilled lizards (D:2)
  12 gnoll zombies (Ossuary)
  4 goblin simulacra (Ossuary)
  6 goblin zombies (Ossuary)
  7 hobgoblin zombies (Ossuary)
  6 kobolds
  4 kobold simulacra (Ossuary)
  3 kobold zombies
  4 orc zombies
  8 rats
  2 rat simulacra (Ossuary)
  2 spectral goblins (Ossuary)
  3 spectral kobolds (Ossuary)
  3 spectral rats (Ossuary)
171 creatures vanquished.

Notes
Turn   | Place    | Note
-------+----------+-------------------------------------------
     0 | D:1      | kae the Ogre Air Elementalist began the quest for the Orb.
     0 | D:1      | Reached XP level 1. HP: 16/16 MP: 3/3
    27 | D:1      | Found a faded altar of an unknown god.
   251 | D:1      | Reached skill level 1 in Conjurations
   469 | D:1      | Reached XP level 2. HP: 21/26 MP: 0/5
   546 | D:1      | Learned a level 2 spell: Static Discharge
  1012 | D:2      | Reached skill level 3 in Air Magic
  1458 | D:2      | Reached skill level 1 in Fighting
  1610 | D:2      | Reached XP level 3. HP: 33/33 MP: 0/7
  2623 | D:2      | Reached XP level 4. HP: 37/41 MP: 5/8
  2954 | D:3      | Learned a level 4 spell: Airstrike
  3259 | D:3      | Identified the ring of Moodiness {Fire rElec}
  3266 | D:3      | Reached XP level 5. HP: 49/49 MP: 7/9
  3439 | D:3      | Reached skill level 1 in Evocations
  3523 | D:3      | Found Pick's Jewellery Boutique.
  3738 | D:3      | Noticed an ogre
  4027 | D:3      | Killed an ogre
  4185 | D:4      | Reached XP level 6. HP: 59/59 MP: 5/11
  4378 | D:3      | Reached skill level 4 in Air Magic
  4461 | D:4      | Noticed a +0 falchion
  4461 | D:4      | Noticed a +0 spear
  4462 | D:4      | Noticed a +0 spear
  4462 | D:4      | Noticed a +0 short sword
  4462 | D:4      | Noticed a +0 dagger
  4462 | D:4      | Noticed a +0 short sword
  4463 | D:4      | Noticed a +0 falchion
  4463 | D:4      | Noticed a +0 dagger
  4489 | D:4      | Found a sand-covered staircase.
  4524 | Ossuary  | Entered an ossuary
  4607 | Ossuary  | Learned a level 3 spell: Swiftness
  5942 | D:4      | Found a blossoming altar of Fedhas.
  5960 | D:4      | Found a bloodstained altar of Trog.
  6005 | D:4      | Noticed a black bear
  6012 | D:4      | Killed a black bear
  6013 | D:4      | Reached XP level 7. HP: 65/67 MP: 2/12
  6303 | D:4      | Found a stormy altar of Qazlal.
  6366 | D:4      | Found an opulent altar of Gozag.
  6392 | D:4      | Found a hide-covered altar of Uskayaw.
  6648 | D:5      | Entered Level 5 of the Dungeon
  7006 | D:5      | Noticed Duvessa
  7010 | D:5      | Noticed Dowan
  7115 | D:5      | Noticed Prince Ribbit
  7423 | D:5      | Killed Prince Ribbit
  7424 | D:5      | Reached skill level 5 in Air Magic
  7424 | D:5      | Reached XP level 8. HP: 71/78 MP: 4/14
  7624 | D:5      | Killed Dowan
  7938 | D:4      | Killed Duvessa
  8290 | D:5      | Found a staircase to the Ecumenical Temple.
  8357 | D:5      | Noticed a wraith
  8397 | Temple   | Entered the Ecumenical Temple
  8483 | D:4      | Became a worshipper of Gozag Ym Sagoz the Greedy
  8899 | D:5      | Killed a wraith
  9783 | D:6      | Reached skill level 5 in Fighting
  9783 | D:6      | Reached skill level 5 in Spellcasting
  9898 | D:6      | Reached skill level 6 in Air Magic
  9945 | D:6      | Reached XP level 9. HP: 80/88 MP: 9/16
  9983 | D:5      | HP: 3/88 [poisoned by an adder]
 10225 | D:6      | HP: 3/86 [wight/+2 mace (11)]
 10225 | D:6      | Mangled by an ogre

Illustrated notes

Levels and vault maps discovered:
D:1:      amcnicky_arrival_underground_garden, layout_basic,
          basic_ecumenical_altar
D:2:      layout_basic
D:3:      kennysheep_the_goblin_king, layout_rooms, serial_shops, shop
D:4:      layout_rooms, nicolae_uskayaw_en_pointe,
          nicolae_overflow_quartered_altars, nicolae_ossuary_entry_giza
D:5:      layout_layer_cave, minmay_temple_entry_overgrown, uniq_duvessa,
          uniq_prince_ribbit1
D:6:      layout_basic, gup_sewer_entry_spiral, minmay_starry_boxes, uniq_maggie
Temple:   nicolae_temple_x_marks_the_god

Skill      XL: |  1  2  3  4  5  6  7  8 |
---------------+-------------------------+-----
Conjurations   | 1 2 3 |  3.9
Air Magic      | 3 4 5 6 |  6.2
Dodging        | 2 3 4 |  4.3
Fighting       | 1 2 3 4 5 |  5.4
Spellcasting   | 3 4 5 |  5.2
Evocations     | 1 2 3 |  3.3
Stealth        | |  1.4

Action                   |  1- 3 |  4- 6 |  7- 9 || total
-------------------------+-------+-------+-------++-------
Melee: Unarmed           |     7 |       |       ||     7
       Staff             |     6 |   296 |    87 ||   389
       Punch             |       |     5 |     3 ||     8
 Cast: Shock             |    75 |    94 |    38 ||   207
       Static Discharge  |     1 |    29 |    32 ||    62
       Airstrike         |       |       |    34 ||    34
       Swiftness         |       |       |     3 ||     3
  Use: Scroll            |       |    11 |     9 ||    20
       Potion            |       |       |     5 ||     5
 Stab: Sleeping          |       |     6 |       ||     6
Armor: Robe              |     6 |    97 |    24 ||   127
       Skin              |       |       |    26 ||    26
Dodge: Dodged            |    32 |   297 |   110 ||   439
Block: Other             |       |    85 |    47 ||   132

Table legend: (Time is in decaauts)
 A = Elapsed time spent in this place.
 B = Non-inter-level travel time spent in this place.
 C = Inter-level travel time spent in this place.
 D = Time resting spent in this place.
 E = Time spent auto-exploring this place.
 F = Levels seen in this place.
 G = Mean time per level.
                   A        B        C        D        E       F      G
               +--------+--------+--------+--------+--------+-----+--------+
         Total |  10359 |   9653 |    706 |   2749 |   5184 |   8 | 1294.9 |
       Dungeon |   8986 |   8288 |    698 |   2356 |   4698 |   6 | 1497.7 |
        Temple |     55 |     48 |      7 |      0 |     44 |   1 |   55.0 |
       Ossuary |   1317 |   1317 |      0 |    392 |    442 |   1 | 1317.0 |
               +--------+--------+--------+--------+--------+-----+--------+

Top non-repeatable levels by time:
     D:4: 2558 daAuts
     D:2: 2156 daAuts
     D:5: 1465 daAuts
     D:3: 1346 daAuts
 Ossuary: 1317 daAuts
     D:1: 896 daAuts
     D:6: 564 daAuts
  Temple: 55 daAuts
